AoeStats
← Papaya Yaga

Migration

504224741Analyzed
1v1 RM · 29d ago on Sep 4, 2026· 42m 21s· 2 players
Game mode
Random Map
Map size
132×132
Population
200
Speed
Normal
Resources
Standard
Victory
Conquest
Starting age
Dark Age
Ending age
Imperial Age
RankedLock teamsTeams togetherTeam positionsShared explorationLock speedFull tech treeHidden civsTurbo modeCheats
Victory
Defeat
🇪🇸 Cumans · Spain
531
+13
🇦🇹 Koreans · Austria
461
-13
Papaya Yaga
12:01 Feudal Age
15:54 Double-Bit Axe
15:52 Horse Collar
22:49 Castle Age
20:43 Fishing Lines
22:55 Gold Mining
22:56 Stone Mining
25:11 Bow Saw
25:04 Heavy Plow
25:44 Gold Shaft Mining
25:45 Stone Shaft Mining
25:53 Wheelbarrow
25:05 Loom
25:06 Town Watch
25:53 Medium Warships
27:46 Hand Cart
27:52 Forging
27:35 Fletching
30:19 Town Patrol
30:17 Gillnets
34:57 Imperial Age
37:26 Ballistics
37:02 Murder Holes
37:16 Siege Engineers
37:27 Cavalier
40:13 Iron Casting
39:34 Bodkin Arrow
41:24 Two-Man Saw
41:26 Chemistry
40:05 Crossbowman
fungoland
2:37 Loom
12:14 Feudal Age
20:47 Horse Collar
20:55 Double-Bit Axe
21:06 Gold Mining
21:12 Stone Mining
23:47 Wheelbarrow
26:05 Castle Age
25:00 Forging
24:56 Scale Barding Armor
25:25 Bloodlines
33:08 Imperial Age
31:22 Light Cavalry
33:05 Ballistics
32:42 Murder Holes
32:41 Heated Shot
34:55 Elite Kipchak
35:37 Steppe Husbandry
35:58 Conscription
38:08 Medium Warships
39:20 Chemistry
39:00 Iron Casting
38:15 Fletching
38:47 Chain Barding Armor
38:27 Padded Archer Armor
38:57 Parthian Tactics
38:39 Thumb Ring
39:54 Heavy Warships
40:47 Gold Shaft Mining
40:13 Heavy Plow
40:27 Bow Saw
Connection lost

Rejoining the realm…

Still unreachable

The connection could not be restored.

Session expired

The server has moved on; the page needs a fresh start.